 Dungeon Crawl Stone Soup version 0.31.0-11-ge490571c62 (webtiles) character file.

Game seed: 11950746010280798485

46 qw the Shooter (level 3, -4/20 HPs)
             Began as a Deep Elf Hunter on Feb 3, 2024.
             Slain by Sigmund
             ... wielding a +0 scythe
              (9 damage)
             ... on level 2 of the Dungeon.
             The game lasted 00:00:03 (1036 turns).

qw the Shooter (Deep Elf Hunter)                    Turns: 1036, Time: 00:00:04

Health: -4/20      AC:  5    Str: 10    XL:     3   Next: 44%
Magic:  5/5        EV: 12    Int: 13    God:
Gold:   35         SH:  0    Dex: 18    Spells: 2/2 levels left

rFire   . . .        a - +0 shortbow
rCold   . . .        (shield currently unavailable)
rNeg    . . .        c - +0 leather armour
rPois   .            i - +1 helmet
rElec   .            (no cloak)
rCorr   .            (no gloves)
SInv    .            (no boots)
Will    +....        (no amulet)
Stlth   ++           (no ring)
HPRegen 0.23/turn    (no ring)
MPRegen 0.09/turn

%: no passive effects
@: enlightened, flying, hasted, very quick
A: no striking features
a: no special abilities


You were on level 2 of the Dungeon.
You visited 1 branch of the dungeon, and saw 2 of its levels.

You collected 63 gold pieces.
You spent 28 gold pieces at shops.


   Skills:
 - Level 1.5 Fighting
 + Level 7.0 Ranged Weapons
 - Level 2.4 Dodging
 - Level 1.2 Stealth


You had 2 spell levels left.
You didn't know any spells.
Your spell library was empty.

Inventory:

Hand Weapons
 a - a +0 shortbow (weapon)
Armour
 c - a +0 leather armour (worn)
 i - a +1 helmet (worn)
Wands
 e - a wand of digging (3)
Scrolls
 b - a scroll of blinking {unknown}
 d - a scroll of teleportation {unknown}
 g - a scroll of torment {unknown}
Potions
 f - a potion of enlightenment

Dungeon Overview and Level Annotations

Branches:
Dungeon (2/15)

Altars:

Shops:
D:1 ?

Annotations:
D:2 Sigmund


Message History

You shoot an arrow. The arrow hits the frilled lizard.
The frilled lizard is heavily wounded.
You shoot an arrow.
The arrow closely misses the frilled lizard.
You shoot an arrow. The arrow hits the frilled lizard!
You kill the frilled lizard!
Found an escape hatch in the floor.
g - a scroll labelled XOUQEGGEYDD
h - a white potion
Found a stone staircase leading down.
There is a stone staircase leading down here.
Sigmund the Dreaded comes into view.
He is wielding a +0 scythe.
You shoot an arrow.
The arrow hits Sigmund but does no damage.
You shoot an arrow. The arrow hits Sigmund.
Sigmund is lightly wounded.
You shoot an arrow. The arrow barely misses Sigmund.
You shoot an arrow.
The arrow hits Sigmund but does no damage.
Sigmund is lightly wounded.
Sigmund gestures at you while chanting.
You are confused.
1027 ||| DRINKING 2 inky potions.
It was a potion of enlightenment.
You feel very buoyant.
You fly up into the air.
1028 ||| DRINKING white potion.
It was a potion of haste.
You feel yourself speed up. Sigmund gestures at you while chanting.
The puff of flame hits you!
Sigmund hits you from afar with a +0 scythe.
You feel less confused.
Sigmund gestures wildly while chanting.
Sigmund flickers and vanishes!
Deactivating autopickup; reactivate with Ctrl-A.
You shoot an arrow. Something hits you.
You shoot an arrow. You shoot an arrow. Something hits you!
You die...

#.###...>###
#.#...##############
#.#.###............#
#.......#####.######
#### ### #.###########.#
#..###.###..###........#
#...>..#........########
...#.....#.###...##
##.#.#####.# ###@.#
##...# #.# ##.{.....
....## #.# #####.. #####
#.# # #.# #.# ###
####...## ...#.#..##


There were no monsters in sight!

Vanquished Creatures
  An adder (D:2)
  3 dart slugs
  4 endoplasms
  2 hobgoblins
  2 kobolds (D:1)
  3 quokkas (D:1)
  4 ball pythons (D:1)
  A bat (D:1)
  2 frilled lizards
  5 goblins
  3 rats
30 creatures vanquished.

Notes
Turn   | Place    | Note
-------+----------+-------------------------------------------
     0 | D:1      | qw the Deep Elf Hunter began the quest for the Orb.
     0 | D:1      | Reached XP level 1. HP: 12/12 MP: 3/3
     0 | D:1      | 0 ||| qw: Version: 0.3-a-155-g5e7d8dd
     0 | D:1      | 0 ||| qw: Game counter: 3273
     0 | D:1      | 0 ||| qw: Melee chars always use a shield: true
     0 | D:1      | 0 ||| qw: God list: Okawaru
     0 | D:1      | 0 ||| qw: Allow faded altars: false
     0 | D:1      | 0 ||| qw: Do Orc after clearing Dungeon:15 true
     0 | D:1      | 0 ||| qw: Do second Lair branch before Depths: true
     0 | D:1      | 0 ||| qw: Lair rune preference: random
     0 | D:1      | 0 ||| qw: Goals: Normal
     0 | D:1      | 0 ||| PLANNING D:1-11
   228 | D:1      | Reached XP level 2. HP: 16/16 MP: 4/4
   245 | D:1      | Reached skill level 6 in Ranged Weapons
   579 | D:1      | Found Vyazizor's Magic Scroll Shop.
   582 | D:1      | 582 ||| SHOPLISTING 3 scrolls of teleportation (126 gold,
                  | have 33).
   582 | D:1      | 582 ||| BUYING scroll of identify (28 gold).
   582 | D:1      | Bought a scroll of identify for 28 gold pieces
   582 | D:1      | 582 ||| SHOPLISTING scroll of identify (28 gold, have 5).
   582 | D:1      | 582 ||| SHOPLISTING scroll of teleportation (42 gold, have
                  | 5).
   776 | D:1      | 776 ||| UPGRADING to +0 helmet.
   781 | D:1      | 781 ||| READING 2 scrolls of identify.
   781 | D:1      | 781 ||| IDENTIFYING blue potion
   782 | D:1      | 782 ||| READING scroll of identify.
   782 | D:1      | 782 ||| IDENTIFYING golden potion
   783 | D:1      | 783 ||| READING scroll labelled DIEPPA MUMIOTH.
   784 | D:1      | 784 ||| READING scroll labelled ORPHUN LELUYRGHU.
   784 | D:1      | 784 ||| ENCHANTING +0 helmet.
   785 | D:1      | 785 ||| READING scroll labelled VUGEJE DUZIDO.
   786 | D:1      | 786 ||| DRINKING 2 smoky silvery potions.
   787 | D:1      | 787 ||| DROPPING scroll of butterflies.
   788 | D:1      | 788 ||| DROPPING potion of brilliance.
   789 | D:1      | 789 ||| DROPPING potion of degeneration.
   790 | D:1      | 790 ||| DROPPING potion of invisibility.
   825 | D:2      | Reached XP level 3. HP: 20/20 MP: 5/5
   856 | D:2      | Found a faded altar of an unknown god.
   895 | D:2      | Reached skill level 7 in Ranged Weapons
  1022 | D:2      | Noticed Sigmund
  1027 | D:2      | 1027 ||| DRINKING 2 inky potions.
  1028 | D:2      | 1028 ||| DRINKING white potion.
  1034 | D:2      | HP: 5/20 [something (6)]
  1036 | D:2      | Slain by Sigmund

Levels and vault maps discovered:
D:1:      dpeg_arrival_court, layout_basic, serial_shops, nicolae_shop_rolled_up
D:2:      layout_rooms, hellmonk_ecumenical_altar_heavens_door, serial_shops,
          shop, uniq_crazy_yiuf_cottage, uniq_sigmund

Skill      XL: |  1  2  3 |
---------------+----------+-----
Ranged Weapons | 6 7 |  7.0
Fighting       | |  1.5
Dodging        | |  2.4
Stealth        | |  1.2

Action                     || total
---------------------------++-------
   Fire: Shortbow          ||    83
    Use: Scroll            ||     5
         Potion            ||     3
 Armour: Leather armour    ||    12
  Dodge: Dodged            ||     8

Table legend:
 A = Non-vault XP
 B = Vault XP
 C = Vault XP percentage of total XP
 D = Non-vault monster count
 E = Vault monster count
 F = Vault count percentage of total count
                 A         B        C        D         E       F
            +---------+---------+-------+---------+---------+-------
      Total |      66 |       0 |   0.0 |      30 |       0 |   0.0
            +---------+---------+-------+---------+---------+-------
        D:1 |      40 |       0 |   0.0 |      22 |       0 |   0.0
        D:2 |      26 |       0 |   0.0 |       8 |       0 |   0.0
            +---------+---------+-------+---------+---------+-------
